Florida Panthers vs New York Rangers

Created - mardi 23 octobre 2018 at 19:00

Goals
1 2 3 T
Florida Panthers 1 0 1 2
New York Rangers 1 0 3 4
Shots
1 2 3 T
Florida Panthers 6 8 9 23
New York Rangers 9 7 15 31

1st period

1. New York Rangers , J.T. Miller 5 (Chris Kreider 5, Mike Hoffman 7) at 13:12
2. Florida Panthers , Mark Jankowski 1 (Mike Matheson 3) at 19:11

Penalties :
Jared McCann (FLO) for Hooking (Minor) at 14:21

2nd period

No Goal

Penalties :
Mike Matheson (FLO) for Cross-checking (Minor) at 4:57, Mike Matheson (FLO) for Tripping (Minor) at 15:36, Jujhar Khaira (NYR) for Slashing (Minor) at 17:01

3rd period

3. Florida Panthers , Brooks Orpik 1 (Unassisted) at 5:56
4. New York Rangers , Mats Zuccarello 8 (J.T. Miller 8) at 17:41
5. New York Rangers , Alexandre Burrows 2 (Josh Leivo 2) at 18:09
6. New York Rangers , J.T. Miller 6 (Mike Hoffman 8) at 19:39 (Empty Net)

Penalties :
Darnell Nurse (FLO) for Hooking (Minor) at 6:00, Brooks Orpik (FLO) for Interference (Minor) at 6:38

Goalie Stats

Roberto Luongo (FLO), 27 saves from 30 shots - (0.900), L, 2-2-2, 59:30 minutes
Ryan Miller (NYR), 21 saves from 23 shots - (0.913), W, 7-1-1, 60:00 minutes

Players Stats for Florida Panthers

Player Name              G  A  P  +/- PIM S  H  SB GA TA FO     MP     PP MP  PK MP  
------------------------------------------------------------------------------------
Aleksander Barkov        0  0  0  -1  0   1  0  0  0  0  12/23  18:31   0:27   3:46 
Andrew Cogliano          0  0  0  -1  0   1  3  0  0  1  1/1    14:23   0:35   0:28 
Brett Ritchie            0  0  0   2  0   0  3  0  0  0  0/0    11:23   0:00   0:00 
Brock Boeser             0  0  0  -1  0   0  2  1  0  0  1/1    17:23   0:35   3:28 
Brooks Orpik             1  0  1   1  2   0  1  0  0  0  0/0    18:50   0:39   3:02 
Darnell Nurse            0  0  0  -1  2   1  6  0  0  1  0/0    24:59   0:46   2:44 
Jared McCann             0  0  0  -2  2   2  2  2  1  0  1/4    12:16   0:35   0:00 
Jay Bouwmeester          0  0  0   1  0   1  1  2  0  1  0/0    19:30   0:39   4:08 
Jimmy Vesey              0  0  0  -2  0   3  2  0  0  0  1/1    11:30   0:00   0:00 
Jonathan Huberdeau       0  0  0  -1  0   4  1  0  1  0  0/4    17:23   0:35   3:28 
Keith Yandle             0  0  0  -1  0   1  3  3  0  1  0/0    25:25   0:46   3:49 
Mark Jankowski           1  0  1   1  0   3  3  0  0  0  8/13   11:22   0:00   0:00 
Mark Pysyk               0  0  0  -2  0   0  2  0  0  1  0/0    16:38   0:00   1:46 
Melker Karlsson          0  0  0   2  0   1  3  0  0  0  0/1    11:23   0:00   0:00 
Mike Matheson            0  1  1  -2  4   0  1  0  1  0  0/0    14:42   0:15   0:07 
Nick Bjugstad            0  0  0  -1  0   1  0  0  0  0  1/1    13:55   0:35   0:00 
Radim Vrbata             0  0  0  -2  0   1  3  0  1  0  0/0    11:49   0:15   0:00 
Vincent Trocheck         0  0  0  -1  0   3  1  0  1  0  8/17   18:37   0:23   3:52 

Players Stats for New York Rangers

Player Name              G  A  P  +/- PIM S  H  SB GA TA FO     MP     PP MP  PK MP  
------------------------------------------------------------------------------------
Adam Larsson             0  0  0   1  0   1  1  1  0  1  0/0    26:00   4:27   0:48 
Alexander Petrovic       0  0  0   2  0   1  1  0  0  1  0/0    15:54   0:00   0:00 
Alexandre Burrows        1  0  1   0  0   2  5  1  0  0  0/0    13:59   0:30   0:00 
Brady Skjei              0  0  0   2  0   3  2  0  0  0  0/0    20:02   3:33   0:37 
Brandon Dubinsky         0  0  0   0  0   2  4  0  1  0  8/18   16:08   3:12   0:35 
Brandon Pirri            0  0  0   0  0   0  0  0  0  0  2/5     9:33   0:45   0:00 
Brendan Smith            0  0  0  -1  0   0  2  2  0  0  0/0    13:52   0:00   0:00 
Chris Kreider            0  1  1   1  0   3  0  0  2  0  2/2    17:59   3:12   0:40 
Dan Girardi              0  0  0   1  0   1  2  3  0  0  0/0    25:34   4:27   0:48 
J.T. Miller              2  1  3   2  0   6  1  1  0  0  9/14   15:42   0:00   0:38 
Josh Leivo               0  1  1   0  0   1  2  0  0  1  0/0    13:44   0:30   0:00 
Jujhar Khaira            0  0  0   0  2   1  4  1  0  0  9/22   17:38   4:02   0:00 
Kris Russell             0  0  0  -1  0   0  0  0  0  1  0/0    18:03   3:33   0:37 
Lee Stempniak            0  0  0   0  0   0  1  0  1  0  0/0     8:26   0:00   0:00 
Magnus Paajarvi          0  0  0   0  0   1  1  0  0  0  0/0    16:47   3:12   0:00 
Mats Zuccarello          1  0  1   2  0   5  1  1  0  1  2/3    20:00   4:18   0:38 
Matt Martin              0  0  0   0  0   1  3  0  1  0  0/0     9:26   0:00   0:07 
Mike Hoffman             0  2  2   1  0   3  2  0  0  0  1/2    19:13   4:18   0:12 

3 Stars

1 - J.T. Miller (NYR)
2 - Mats Zuccarello (NYR)
3 - Alexandre Burrows (NYR)

Power Play

Florida Panthers - 0 on 1 Attempt(s) - 0.00%
New York Rangers - 0 on 6 Attempt(s) - 0.00%

Penalty Kill

Florida Panthers - 6 on 6 Attempt(s) - 100.00% - Score 0 goal in Penalty Kill
New York Rangers - 1 on 1 Attempt(s) - 100.00% - Score 0 goal in Penalty Kill

Team Stat

Florida Panthers - Hits : 37 - Faceoff Wins : 33 - Blocked Shots : 8 - Penalty Minutes : 10
New York Rangers - Hits : 32 - Faceoff Wins : 33 - Blocked Shots : 10 - Penalty Minutes : 2

Official

Referees : Jake Brenk and Brad Watson
Linesman : Shandor Alphonso and Pierre Racicot

Game Notes

5:56 of 3rd period - Penalty Shot by Brooks Orpik for Florida Panthers - Goal!
J.T. Miller has scored in a empty net!

Finance

Level 1 -- Attendance: 9728 (91.77%) -- Ticket Income fr. 778'240
Level 2 -- Attendance: 1934 (87.91%) -- Ticket Income fr. 125'710
Level 3 -- Attendance: 3128 (84.54%) -- Ticket Income fr. 109'480
Level 4 -- Attendance: 1450 (100.00%) -- Ticket Income fr. 29'000
Luxury Box -- Attendance: 50 (100.00%) -- Ticket Income fr. 10'000
Game was played at the Madison Square Garden.
Total Attendance: 16290 (90.50%)
Total Ticket Income: fr. 1'052'430
Total Income: fr. 1'052'430

Florida Panthers

5 vs 5 Forward 
   Center                   Left Wing                Right Wing               Time % Phy DF OF 
 1 Aleksander Barkov        Jonathan Huberdeau       Brock Boeser             27     0   1  4  
 2 Vincent Trocheck         Andrew Cogliano          Nick Bjugstad            27     0   2  3  
 3 Jared McCann             Jimmy Vesey              Radim Vrbata             23     1   2  2  
 4 Mark Jankowski           Melker Karlsson          Brett Ritchie            23     1   2  2  

5 vs 5 Defense 
   Defense                  Defense                                           Time % Phy DF OF 
 1 Keith Yandle             Darnell Nurse                                     25     1   2  2  
 2 Brooks Orpik             Jay Bouwmeester                                   25     1   2  2  
 3 Mike Matheson            Mark Pysyk                                        25     1   2  2  
 4 Keith Yandle             Darnell Nurse                                     25     1   2  2  

PowerPlay Forward 
   Center                   Left Wing                Right Wing               Time % Phy DF OF 
 1 Aleksander Barkov        Jonathan Huberdeau       Brock Boeser             50     1   2  2  
 2 Vincent Trocheck         Andrew Cogliano          Nick Bjugstad            50     1   2  2  

PowerPlay Defense
   Defense                  Defense                                           Time % Phy DF OF 
 1 Keith Yandle             Darnell Nurse                                     50     1   2  2  
 2 Brooks Orpik             Jay Bouwmeester                                   50     1   2  2  

Penalty Kill 4 Players Forward 
   Center                   Wing                     Time % Phy DF OF 
 1 Aleksander Barkov        Vincent Trocheck         50     1   2  2  
 2 Jonathan Huberdeau       Brock Boeser             50     1   2  2  

Penalty Kill 4 Players Defense
   Defense                  Defense                  Time % Phy DF OF 
 1 Keith Yandle             Darnell Nurse            50     1   2  2  
 2 Brooks Orpik             Jay Bouwmeester          50     1   2  2  

Penalty Kill - 3 Players Forward 
   Forward                                           Time % Phy DF OF 
 1 Aleksander Barkov                                 50     1   2  2  
 2 Vincent Trocheck                                  50     1   2  2  

Penalty Kill - 3 Players Defense
   Defense                  Defense                  Time % Phy DF OF 
 1 Keith Yandle             Darnell Nurse            50     1   2  2  
 2 Brooks Orpik             Jay Bouwmeester          50     1   2  2  

4 vs 4 Forward 
   Center                   Wing                     Time % Phy DF OF 
 1 Aleksander Barkov        Vincent Trocheck         50     1   2  2  
 2 Jonathan Huberdeau       Brock Boeser             50     1   2  2  

4 vs 4 Defense
   Defense                  Defense                  Time % Phy DF OF 
 1 Keith Yandle             Darnell Nurse            50     1   2  2  
 2 Brooks Orpik             Jay Bouwmeester          50     1   2  2  

Last Minutes Offensive
   Center                   Left Wing                Right Wing               Defense                  Defense                  
   Aleksander Barkov        Jonathan Huberdeau       Brock Boeser             Keith Yandle             Darnell Nurse            

Last Minutes Defensive
   Center                   Left Wing                Right Wing               Defense                  Defense                  
   Aleksander Barkov        Jonathan Huberdeau       Brock Boeser             Keith Yandle             Darnell Nurse            

Goaltenders
Starting : Roberto Luongo           
Backup : Scott Darling            

Extra Forwards
Normal : Jared McCann, Radim Vrbata, Jimmy Vesey - PP : Jared McCann, Radim Vrbata - PK : Jimmy Vesey
Extra Defensemen
Normal : Mike Matheson, Mark Pysyk, Brooks Orpik - PP : Mike Matheson - PK : Mark Pysyk, Brooks Orpik
Penalty Shots
Aleksander Barkov, Vincent Trocheck, Jonathan Huberdeau, Brock Boeser, Nick Bjugstad
Custom OT Lines Forwards
Aleksander Barkov, Vincent Trocheck, Jonathan Huberdeau, Brock Boeser, Nick Bjugstad, Andrew Cogliano, Jared McCann, Radim Vrbata, Jimmy Vesey, Mark Jankowski
Custom OT Lines Defensemen
Keith Yandle, Darnell Nurse, Brooks Orpik, Jay Bouwmeester, Mike Matheson

Scratches
Cody McLeod (Healthy), Justin Holl (Healthy)

New York Rangers

5 vs 5 Forward 
   Center                   Left Wing                Right Wing               Time % Phy DF OF 
 1 J.T. Miller              Chris Kreider            Mats Zuccarello          30     0   2  3  
 2 Jujhar Khaira            Magnus Paajarvi          Mike Hoffman             30     0   2  3  
 3 Brandon Dubinsky         Josh Leivo               Alexandre Burrows        25     1   3  1  
 4 Brandon Pirri            Matt Martin              Lee Stempniak            15     2   2  1  

5 vs 5 Defense 
   Defense                  Defense                                           Time % Phy DF OF 
 1 Adam Larsson             Dan Girardi                                       30     1   2  2  
 2 Brady Skjei              Alexander Petrovic                                30     1   2  2  
 3 Kris Russell             Brendan Smith                                     25     1   2  2  
 4 Adam Larsson             Dan Girardi                                       15     1   2  2  

PowerPlay Forward 
   Center                   Left Wing                Right Wing               Time % Phy DF OF 
 1 Jujhar Khaira            Mike Hoffman             Mats Zuccarello          55     0   1  4  
 2 Brandon Dubinsky         Chris Kreider            Magnus Paajarvi          45     1   1  3  

PowerPlay Defense
   Defense                  Defense                                           Time % Phy DF OF 
 1 Adam Larsson             Dan Girardi                                       65     1   1  3  
 2 Brady Skjei              Kris Russell                                      35     1   1  3  

Penalty Kill 4 Players Forward 
   Center                   Wing                     Time % Phy DF OF 
 1 Mats Zuccarello          J.T. Miller              50     1   2  2  
 2 Brandon Dubinsky         Chris Kreider            50     1   2  2  

Penalty Kill 4 Players Defense
   Defense                  Defense                  Time % Phy DF OF 
 1 Adam Larsson             Dan Girardi              50     1   2  2  
 2 Brady Skjei              Kris Russell             50     1   2  2  

Penalty Kill - 3 Players Forward 
   Forward                                           Time % Phy DF OF 
 1 Brandon Dubinsky                                  50     1   2  2  
 2 Jujhar Khaira                                     50     1   2  2  

Penalty Kill - 3 Players Defense
   Defense                  Defense                  Time % Phy DF OF 
 1 Adam Larsson             Dan Girardi              50     1   2  2  
 2 Brady Skjei              Kris Russell             50     1   2  2  

4 vs 4 Forward 
   Center                   Wing                     Time % Phy DF OF 
 1 Mats Zuccarello          J.T. Miller              50     1   2  2  
 2 Mike Hoffman             Chris Kreider            50     1   2  2  

4 vs 4 Defense
   Defense                  Defense                  Time % Phy DF OF 
 1 Adam Larsson             Dan Girardi              50     1   2  2  
 2 Brady Skjei              Kris Russell             50     1   2  2  

Last Minutes Offensive
   Center                   Left Wing                Right Wing               Defense                  Defense                  
   J.T. Miller              Mike Hoffman             Mats Zuccarello          Adam Larsson             Dan Girardi              

Last Minutes Defensive
   Center                   Left Wing                Right Wing               Defense                  Defense                  
   J.T. Miller              Mike Hoffman             Mats Zuccarello          Adam Larsson             Dan Girardi              

Goaltenders
Starting : Ryan Miller              
Backup : Peter Budaj              

Extra Forwards
Normal : Mike Hoffman, Jujhar Khaira, Matt Martin - PP : Magnus Paajarvi, Jujhar Khaira - PK : Matt Martin
Extra Defensemen
Normal : Brendan Smith, Alexander Petrovic, Brady Skjei - PP : Dan Girardi - PK : Alexander Petrovic, Brady Skjei
Penalty Shots
Mats Zuccarello, J.T. Miller, Mike Hoffman, Chris Kreider, Brandon Dubinsky
Custom OT Lines Forwards
Mats Zuccarello, J.T. Miller, Mike Hoffman, Chris Kreider, Brandon Dubinsky, Jujhar Khaira, Alexandre Burrows, Matt Martin, Lee Stempniak, Magnus Paajarvi
Custom OT Lines Defensemen
Adam Larsson, Dan Girardi, Brady Skjei, Kris Russell, Brendan Smith

Scratches
Shawn Matthias (Healthy), Tony DeAngelo (Healthy)

% Time on Ice - Florida Panthers

Lines # - Real PCT - Wanted PCT - Time Play
Normal Forward
1 - 26% - 27% - 12:52
2 - 28% - 27% - 13:37
3 - 23% - 23% - 11:17
4 - 23% - 23% - 11:23
Normal Defense
1 - 20% - 25% - 10:02
2 - 31% - 25% - 15:25
3 - 27% - 25% - 13:29
4 - 21% - 25% - 10:13
PP Forward
1 - 59% - 50% - 0:50
2 - 41% - 50% - 0:35
PP Defense
1 - 54% - 50% - 0:46
2 - 46% - 50% - 0:39
PK Forward
1 - 47% - 50% - 3:06
2 - 53% - 50% - 3:33
PK Defense
1 - 44% - 50% - 2:56
2 - 56% - 50% - 3:43
PK3 Forward
1 - 49% - 50% - 0:40
2 - 51% - 50% - 0:41
PK3 Defense
1 - 48% - 50% - 0:39
2 - 52% - 50% - 0:42
44 Forward
1 - 100% - 50% - 0:34
2 - 0% - 50% - 0:00
44 Defense
1 - 100% - 50% - 0:34
2 - 0% - 50% - 0:00
Last Minute Offensive  - 0:52
Last Minute Defensive  - 0:00
Total
Forward - 60:00
Defense - 60:00

% Time on Ice - New York Rangers

Lines # - Real PCT - Wanted PCT - Time Play
Normal Forward
1 - 28% - 30% - 13:57
2 - 29% - 30% - 14:25
3 - 25% - 25% - 12:20
4 - 17% - 15% - 8:26
Normal Defense
1 - 29% - 30% - 14:15
2 - 33% - 30% - 16:13
3 - 28% - 25% - 13:36
4 - 10% - 15% - 5:04
PP Forward
1 - 56% - 55% - 4:30
2 - 44% - 45% - 3:30
PP Defense
1 - 56% - 65% - 4:27
2 - 44% - 35% - 3:33
PK Forward
1 - 45% - 50% - 0:38
2 - 55% - 50% - 0:47
PK Defense
1 - 56% - 50% - 0:48
2 - 44% - 50% - 0:37
PK3 Forward
1 - 0% - 50%
2 - 0% - 50%
PK3 Defense
1 - 0% - 50%
2 - 0% - 50%
44 Forward
1 - 56% - 50% - 0:19
2 - 44% - 50% - 0:15
44 Defense
1 - 21% - 50% - 0:07
2 - 79% - 50% - 0:27
Last Minute Offensive  - 0:00
Last Minute Defensive  - 0:53
Total
Forward - 60:00
Defense - 60:00

Play by Play

1st period


0:01 of 1st period - J.T. Miller wins face-off versus Aleksander Barkov in neutral zone.
0:47 of 1st period - Brady Skjei is hit by Radim Vrbata and loses puck.
1:30 of 1st period - Jay Bouwmeester is hit by Brendan Smith and loses puck.
2:40 of 1st period - Snap shot by Radim Vrbata.
2:40 of 1st period - Shot Blocked by Brendan Smith.
2:50 of 1st period - Wrist shot by Radim Vrbata.
2:50 of 1st period - Shot Misses the Net.
3:04 of 1st period - Slapshot by J.T. Miller.
3:04 of 1st period - Stopped by Roberto Luongo without a rebound.
3:05 of 1st period - Mark Jankowski wins face-off versus Jujhar Khaira in Florida Panthers zone.
3:40 of 1st period - Slapshot by Matt Martin.
3:40 of 1st period - Deflect By Keith Yandle.
3:40 of 1st period - Shot Blocked by Keith Yandle.
3:40 of 1st period - Puck is out of play.
3:41 of 1st period - Aleksander Barkov wins face-off versus Brandon Dubinsky in Florida Panthers zone.
3:48 of 1st period - Slapshot by Brock Boeser.
3:48 of 1st period - Shot Blocked by Alexandre Burrows.
4:47 of 1st period - Slapshot by Mark Jankowski.
4:47 of 1st period - Deflect By Brett Ritchie.
4:47 of 1st period - Shot Misses the Net.
4:47 of 1st period - Puck is out of play.
4:48 of 1st period - Mark Jankowski wins face-off versus Brandon Dubinsky in New York Rangers zone.
4:57 of 1st period - Keith Yandle is hit by Brandon Dubinsky and loses puck.
5:14 of 1st period - Aleksander Barkov is hit by Jujhar Khaira and loses puck.
5:21 of 1st period - Wrist shot by Jonathan Huberdeau.
5:21 of 1st period - Shot Misses the Net.
5:23 of 1st period - Slapshot by Keith Yandle.
5:23 of 1st period - Stopped by Ryan Miller without a rebound.
5:24 of 1st period - Brandon Pirri wins face-off versus Vincent Trocheck in New York Rangers zone.
5:46 of 1st period - Icing by Mark Pysyk.
5:47 of 1st period - Vincent Trocheck wins face-off versus Jujhar Khaira in Florida Panthers zone.
7:21 of 1st period - Snap shot by Jimmy Vesey.
7:21 of 1st period - Stopped by Ryan Miller without a rebound.
7:22 of 1st period - Mark Jankowski wins face-off versus Jujhar Khaira in New York Rangers zone.
7:25 of 1st period - Snap shot by Mark Jankowski.
7:25 of 1st period - Stopped by Ryan Miller without a rebound.
7:26 of 1st period - Mark Jankowski wins face-off versus Jujhar Khaira in New York Rangers zone.
8:17 of 1st period - Snap shot by Chris Kreider.
8:17 of 1st period - Shot Misses the Net.
8:35 of 1st period - Wrist shot by Matt Martin.
8:35 of 1st period - Deflect By Brandon Pirri.
8:35 of 1st period - Shot Blocked by Jared McCann.
8:35 of 1st period - Puck is out of play.
8:36 of 1st period - Brandon Pirri wins face-off versus Aleksander Barkov in Florida Panthers zone.
8:45 of 1st period - Snap shot by Lee Stempniak.
8:45 of 1st period - Shot Misses the Net.
9:01 of 1st period - Adam Larsson is hit by Melker Karlsson and loses puck.
9:24 of 1st period - Adam Larsson is hit by Darnell Nurse.
11:07 of 1st period - Icing by Nick Bjugstad.
11:08 of 1st period - Jujhar Khaira wins face-off versus Vincent Trocheck in Florida Panthers zone.
11:09 of 1st period - Snap shot by Mike Hoffman.
11:09 of 1st period - Stopped by Roberto Luongo without a rebound.
11:10 of 1st period - Jujhar Khaira wins face-off versus Aleksander Barkov in Florida Panthers zone.
11:15 of 1st period - Wrist shot by Jujhar Khaira.
11:15 of 1st period - Stopped by Roberto Luongo without a rebound.
11:16 of 1st period - Aleksander Barkov wins face-off versus Jujhar Khaira in Florida Panthers zone.
11:16 of 1st period - Aleksander Barkov is hit by Jujhar Khaira.
11:29 of 1st period - Snap shot by Jonathan Huberdeau.
11:29 of 1st period - Stopped by Ryan Miller with a rebound.
11:31 of 1st period - Slapshot by Darnell Nurse.
11:31 of 1st period - Deflect By Aleksander Barkov.
11:31 of 1st period - Shot Misses the Net.
11:31 of 1st period - Puck is out of play.
11:32 of 1st period - Brandon Dubinsky wins face-off versus Melker Karlsson in New York Rangers zone.
11:54 of 1st period - Icing by Keith Yandle.
11:55 of 1st period - Brock Boeser wins face-off versus Jujhar Khaira in Florida Panthers zone.
12:22 of 1st period - Mark Pysyk is hit by Brady Skjei and loses puck.
12:31 of 1st period - Brady Skjei is hit by Brett Ritchie.
12:51 of 1st period - Brady Skjei is hit by Andrew Cogliano and loses puck.
13:12 of 1st period - Snap shot by Chris Kreider.
13:12 of 1st period - Deflect By J.T. Miller.
13:12 of 1st period - Goal by J.T. Miller - Florida Panthers : 0 - New York Rangers : 1.
13:13 of 1st period - Aleksander Barkov wins face-off versus Brandon Dubinsky in neutral zone.
13:22 of 1st period - Keith Yandle is hit by Alexandre Burrows and loses puck.
13:50 of 1st period - Brandon Pirri is hit by Darnell Nurse and loses puck.
14:07 of 1st period - Snap shot by Radim Vrbata.
14:07 of 1st period - Shot Blocked by Brendan Smith.
14:21 of 1st period - Minor Penalty to Jared McCann for Hooking.
14:22 of 1st period - Aleksander Barkov wins face-off versus Jujhar Khaira in Florida Panthers zone.
16:19 of 1st period - Vincent Trocheck is hit by Alexandre Burrows and loses puck.
16:21 of 1st period - Penalty to Jared McCann is over, Jared McCann is back on ice.
16:34 of 1st period - Brandon Pirri is hit by Melker Karlsson and loses puck.
16:56 of 1st period - Off-side.
16:57 of 1st period - J.T. Miller wins face-off versus Jared McCann in neutral zone.
17:10 of 1st period - Snap shot by Jared McCann.
17:10 of 1st period - Shot Blocked by Jujhar Khaira.
17:25 of 1st period - Slapshot by Alexandre Burrows.
17:25 of 1st period - Stopped by Roberto Luongo without a rebound.
17:26 of 1st period - Vincent Trocheck wins face-off versus Jujhar Khaira in Florida Panthers zone.
17:33 of 1st period - Mike Hoffman is hit by Vincent Trocheck and loses puck.
17:51 of 1st period - Off-side.
17:52 of 1st period - Aleksander Barkov wins face-off versus J.T. Miller in neutral zone.
18:17 of 1st period - Melker Karlsson is hit by Alexander Petrovic and loses puck.
18:25 of 1st period - Off-side.
18:26 of 1st period - Jujhar Khaira wins face-off versus Vincent Trocheck in neutral zone.
18:31 of 1st period - Andrew Cogliano is hit by Adam Larsson and loses puck.
18:50 of 1st period - Alexandre Burrows is hit by Keith Yandle and loses puck.
19:03 of 1st period - Wrist shot by Jonathan Huberdeau.
19:03 of 1st period - Stopped by Ryan Miller without a rebound.
19:04 of 1st period - Mark Jankowski wins face-off versus J.T. Miller in New York Rangers zone.
19:11 of 1st period - Wrist shot by Mark Jankowski.
19:11 of 1st period - Goal by Mark Jankowski - Florida Panthers : 1 - New York Rangers : 1.
19:12 of 1st period - Vincent Trocheck wins face-off versus Mats Zuccarello in neutral zone.
19:27 of 1st period - Andrew Cogliano is hit by Dan Girardi and loses puck.
19:43 of 1st period - Wrist shot by Brandon Dubinsky.
19:43 of 1st period - Stopped by Roberto Luongo without a rebound.
19:44 of 1st period - Jujhar Khaira wins face-off versus Mark Jankowski in Florida Panthers zone.
19:45 of 1st period - Wrist shot by Mike Hoffman.
19:45 of 1st period - Stopped by Roberto Luongo with a rebound.
19:47 of 1st period - Slapshot by Brady Skjei.
19:47 of 1st period - Deflect By Brett Ritchie.
19:47 of 1st period - Stopped by Roberto Luongo with a rebound.
19:49 of 1st period - Snap shot by Mike Hoffman.
19:49 of 1st period - Shot Misses the Net.
19:51 of 1st period - Snap shot by Mike Hoffman.
19:51 of 1st period - Shot Misses the Net.
19:53 of 1st period - Snap shot by Alexander Petrovic.
19:53 of 1st period - Deflect By Brooks Orpik.
19:53 of 1st period - Stopped by Roberto Luongo with a rebound.
19:55 of 1st period - Wrist shot by Brady Skjei.
19:55 of 1st period - Shot Blocked by Jay Bouwmeester.
Goals for this period are 1 for Florida Panthers vs 1 for New York Rangers.
Shots for this period are 6 for Florida Panthers vs 9 for New York Rangers.

2nd period


0:01 of 2nd period - J.T. Miller wins face-off versus Aleksander Barkov in neutral zone.
0:04 of 2nd period - Wrist shot by Chris Kreider.
0:04 of 2nd period - Deflect By Jonathan Huberdeau.
0:04 of 2nd period - Stopped by Roberto Luongo with a rebound.
0:26 of 2nd period - Brandon Dubinsky is hit by Mark Jankowski and loses puck.
0:39 of 2nd period - Darnell Nurse is hit by Brandon Dubinsky and loses puck.
1:03 of 2nd period - Snap shot by Vincent Trocheck.
1:03 of 2nd period - Stopped by Ryan Miller without a rebound.
1:04 of 2nd period - J.T. Miller wins face-off versus Aleksander Barkov in New York Rangers zone.
1:04 of 2nd period - J.T. Miller is hit by Jonathan Huberdeau.
1:18 of 2nd period - Wrist shot by J.T. Miller.
1:18 of 2nd period - Stopped by Roberto Luongo without a rebound.
1:19 of 2nd period - Brandon Dubinsky wins face-off versus Vincent Trocheck in Florida Panthers zone.
1:57 of 2nd period - Wrist shot by Aleksander Barkov.
1:57 of 2nd period - Shot Misses the Net.
2:29 of 2nd period - Icing by Brady Skjei.
2:30 of 2nd period - Mark Jankowski wins face-off versus J.T. Miller in New York Rangers zone.
2:40 of 2nd period - Snap shot by Chris Kreider.
2:40 of 2nd period - Stopped by Roberto Luongo with a rebound.
2:46 of 2nd period - Snap shot by Mats Zuccarello.
2:46 of 2nd period - Stopped by Roberto Luongo without a rebound.
2:47 of 2nd period - Vincent Trocheck wins face-off versus Brandon Dubinsky in Florida Panthers zone.
2:54 of 2nd period - Backhand shot by Nick Bjugstad.
2:54 of 2nd period - Shot Misses the Net.
2:56 of 2nd period - Snap shot by Nick Bjugstad.
2:56 of 2nd period - Stopped by Ryan Miller with a rebound.
2:58 of 2nd period - Slapshot by Darnell Nurse.
2:58 of 2nd period - Stopped by Ryan Miller without a rebound.
2:59 of 2nd period - Jujhar Khaira wins face-off versus Jared McCann in New York Rangers zone.
2:59 of 2nd period - Jujhar Khaira is hit by Darnell Nurse.
3:47 of 2nd period - Andrew Cogliano is hit by Alexandre Burrows and loses puck.
4:57 of 2nd period - Minor Penalty to Mike Matheson for Cross-checking.
4:58 of 2nd period - Jujhar Khaira wins face-off versus Jonathan Huberdeau in Florida Panthers zone.
5:03 of 2nd period - Snap shot by Mike Hoffman.
5:03 of 2nd period - Shot Misses the Net.
5:31 of 2nd period - Slapshot by Dan Girardi.
5:31 of 2nd period - Shot Misses the Net.
6:57 of 2nd period - Penalty to Mike Matheson is over, Mike Matheson is back on ice.
7:10 of 2nd period - Adam Larsson is hit by Melker Karlsson and loses puck.
7:25 of 2nd period - Josh Leivo is hit by Jared McCann.
7:29 of 2nd period - Josh Leivo is hit by Radim Vrbata.
7:39 of 2nd period - Chris Kreider is hit by Brooks Orpik and loses puck.
7:52 of 2nd period - Jujhar Khaira is hit by Jimmy Vesey and loses puck.
8:43 of 2nd period - Magnus Paajarvi is hit by Radim Vrbata and loses puck.
9:00 of 2nd period - Mike Matheson is hit by Matt Martin.
9:23 of 2nd period - Brandon Dubinsky is hit by Darnell Nurse and loses puck.
9:38 of 2nd period - Mats Zuccarello is hit by Andrew Cogliano and loses puck.
10:01 of 2nd period - Mike Matheson is hit by J.T. Miller and loses puck.
10:15 of 2nd period - Snap shot by Mats Zuccarello.
10:15 of 2nd period - Stopped by Roberto Luongo without a rebound.
10:16 of 2nd period - Vincent Trocheck wins face-off versus Jujhar Khaira in Florida Panthers zone.
10:21 of 2nd period - Wrist shot by Andrew Cogliano.
10:21 of 2nd period - Stopped by Ryan Miller without a rebound.
10:22 of 2nd period - Jujhar Khaira wins face-off versus Vincent Trocheck in New York Rangers zone.
10:37 of 2nd period - Andrew Cogliano is hit by Jujhar Khaira and loses puck.
10:50 of 2nd period - Snap shot by Brandon Dubinsky.
10:50 of 2nd period - Shot Blocked by Brock Boeser.
10:52 of 2nd period - Wrist shot by Josh Leivo.
10:52 of 2nd period - Deflect By Brandon Dubinsky.
10:52 of 2nd period - Stopped by Roberto Luongo without a rebound.
10:53 of 2nd period - Brandon Dubinsky wins face-off versus Aleksander Barkov in Florida Panthers zone.
11:05 of 2nd period - Slapshot by Jonathan Huberdeau.
11:05 of 2nd period - Stopped by Ryan Miller without a rebound.
11:06 of 2nd period - Vincent Trocheck wins face-off versus Jujhar Khaira in New York Rangers zone.
11:16 of 2nd period - Icing by Keith Yandle.
11:17 of 2nd period - Vincent Trocheck wins face-off versus Jujhar Khaira in Florida Panthers zone.
11:58 of 2nd period - Snap shot by Mike Hoffman.
11:58 of 2nd period - Shot Misses the Net.
12:06 of 2nd period - Slapshot by Keith Yandle.
12:06 of 2nd period - Deflect By Vincent Trocheck.
12:06 of 2nd period - Shot Blocked by Adam Larsson.
12:06 of 2nd period - Puck is out of play.
12:07 of 2nd period - J.T. Miller wins face-off versus Aleksander Barkov in New York Rangers zone.
12:32 of 2nd period - Brooks Orpik is hit by Alexandre Burrows and loses puck.
12:41 of 2nd period - Backhand shot by Brandon Dubinsky.
12:41 of 2nd period - Shot Hit the Post.
13:14 of 2nd period - Icing by Jay Bouwmeester.
13:15 of 2nd period - Brandon Dubinsky wins face-off versus Aleksander Barkov in Florida Panthers zone.
13:30 of 2nd period - Aleksander Barkov is hit by Brandon Dubinsky.
13:48 of 2nd period - Snap shot by Jonathan Huberdeau.
13:48 of 2nd period - Stopped by Ryan Miller without a rebound.
13:49 of 2nd period - Jimmy Vesey wins face-off versus J.T. Miller in New York Rangers zone.
14:00 of 2nd period - Backhand shot by Jared McCann.
14:00 of 2nd period - Shot Blocked by Mats Zuccarello.
14:24 of 2nd period - Slapshot by Mike Hoffman.
14:24 of 2nd period - Stopped by Roberto Luongo without a rebound.
14:25 of 2nd period - Vincent Trocheck wins face-off versus Brandon Dubinsky in Florida Panthers zone.
14:50 of 2nd period - Adam Larsson is hit by Mark Jankowski and loses puck.
15:15 of 2nd period - Wrist shot by Radim Vrbata.
15:15 of 2nd period - Stopped by Ryan Miller with a rebound.
15:17 of 2nd period - Snap shot by Jared McCann.
15:17 of 2nd period - Stopped by Ryan Miller with a rebound.
15:36 of 2nd period - Minor Penalty to Mike Matheson for Tripping.
15:37 of 2nd period - Mike Hoffman wins face-off versus Jonathan Huberdeau in Florida Panthers zone.
16:07 of 2nd period - Darnell Nurse is hit by Brandon Dubinsky and loses puck.
16:31 of 2nd period - Icing by Dan Girardi.
16:32 of 2nd period - Aleksander Barkov wins face-off versus Brandon Dubinsky in New York Rangers zone.
17:01 of 2nd period - Minor Penalty to Jujhar Khaira for Slashing.
17:02 of 2nd period - Mats Zuccarello wins face-off versus Aleksander Barkov in New York Rangers zone.
17:13 of 2nd period - Snap shot by J.T. Miller.
17:13 of 2nd period - Shot Blocked by Keith Yandle.
17:27 of 2nd period - Aleksander Barkov is hit by Mike Hoffman and loses puck.
17:36 of 2nd period - Penalty to Mike Matheson is over, Mike Matheson is back on ice.
17:36 of 2nd period - Snap shot by Chris Kreider.
17:36 of 2nd period - Shot Misses the Net.
17:44 of 2nd period - Adam Larsson is hit by Mike Matheson.
19:01 of 2nd period - Penalty to Jujhar Khaira is over, Jujhar Khaira is back on ice.
19:11 of 2nd period - Jujhar Khaira is hit by Jay Bouwmeester and loses puck.
19:18 of 2nd period - Mike Hoffman is hit by Brett Ritchie and loses puck.
19:31 of 2nd period - Jared McCann is hit by Matt Martin and loses puck.
19:50 of 2nd period - Mike Matheson is hit by Josh Leivo and loses puck.
Goals for this period are 0 for Florida Panthers vs 0 for New York Rangers.
Shots for this period are 8 for Florida Panthers vs 7 for New York Rangers.

3rd period


0:01 of 3rd period - Chris Kreider wins face-off versus Vincent Trocheck in neutral zone.
0:45 of 3rd period - Wrist shot by Jonathan Huberdeau.
0:45 of 3rd period - Shot Misses the Net.
1:04 of 3rd period - Off-side.
1:05 of 3rd period - Mark Jankowski wins face-off versus Brandon Pirri in neutral zone.
1:05 of 3rd period - Darnell Nurse is hit by Matt Martin and loses puck.
1:12 of 3rd period - Slapshot by Brady Skjei.
1:12 of 3rd period - Shot Blocked by Keith Yandle.
1:14 of 3rd period - Slapshot by Brady Skjei.
1:14 of 3rd period - Stopped by Roberto Luongo without a rebound.
1:15 of 3rd period - J.T. Miller wins face-off versus Vincent Trocheck in Florida Panthers zone.
1:24 of 3rd period - Wrist shot by Mats Zuccarello.
1:24 of 3rd period - Stopped by Roberto Luongo without a rebound.
1:25 of 3rd period - Nick Bjugstad wins face-off versus J.T. Miller in Florida Panthers zone.
1:34 of 3rd period - Slapshot by Vincent Trocheck.
1:34 of 3rd period - Shot Blocked by Dan Girardi.
1:36 of 3rd period - Slapshot by Vincent Trocheck.
1:36 of 3rd period - Shot Blocked by Dan Girardi.
1:38 of 3rd period - Wrist shot by Andrew Cogliano.
1:38 of 3rd period - Shot Blocked by Dan Girardi.
1:40 of 3rd period - Wrist shot by Vincent Trocheck.
1:40 of 3rd period - Stopped by Ryan Miller without a rebound.
1:41 of 3rd period - Aleksander Barkov wins face-off versus Jujhar Khaira in New York Rangers zone.
2:06 of 3rd period - Jujhar Khaira is hit by Darnell Nurse and loses puck.
2:15 of 3rd period - Wrist shot by Jared McCann.
2:15 of 3rd period - Stopped by Ryan Miller without a rebound.
2:16 of 3rd period - Mats Zuccarello wins face-off versus Vincent Trocheck in New York Rangers zone.
2:21 of 3rd period - Andrew Cogliano is hit by Mats Zuccarello and loses puck.
2:42 of 3rd period - Brandon Dubinsky is hit by Brock Boeser and loses puck.
3:50 of 3rd period - Snap shot by Chris Kreider.
3:50 of 3rd period - Deflect By Vincent Trocheck.
3:50 of 3rd period - Shot Misses the Net.
3:50 of 3rd period - Puck is out of play.
3:51 of 3rd period - Brandon Dubinsky wins face-off versus Aleksander Barkov in Florida Panthers zone.
3:52 of 3rd period - Snap shot by Alexandre Burrows.
3:52 of 3rd period - Shot Misses the Net.
4:23 of 3rd period - Snap shot by Melker Karlsson.
4:23 of 3rd period - Shot Misses the Net.
4:37 of 3rd period - Slapshot by Magnus Paajarvi.
4:37 of 3rd period - Stopped by Roberto Luongo without a rebound.
4:38 of 3rd period - Andrew Cogliano wins face-off versus Jujhar Khaira in Florida Panthers zone.
5:05 of 3rd period - Josh Leivo is hit by Jared McCann and loses puck.
5:10 of 3rd period - Snap shot by Radim Vrbata.
5:10 of 3rd period - Shot Misses the Net.
5:12 of 3rd period - Slapshot by Jimmy Vesey.
5:12 of 3rd period - Stopped by Ryan Miller with a rebound.
5:14 of 3rd period - Snap shot by Jimmy Vesey.
5:14 of 3rd period - Stopped by Ryan Miller with a rebound.
5:30 of 3rd period - Wrist shot by Brady Skjei.
5:30 of 3rd period - Stopped by Roberto Luongo without a rebound.
5:31 of 3rd period - J.T. Miller wins face-off versus Mark Jankowski in Florida Panthers zone.
5:34 of 3rd period - Wrist shot by J.T. Miller.
5:34 of 3rd period - Stopped by Roberto Luongo without a rebound.
5:35 of 3rd period - J.T. Miller wins face-off versus Mark Jankowski in Florida Panthers zone.
5:42 of 3rd period - Wrist shot by J.T. Miller.
5:42 of 3rd period - Stopped by Roberto Luongo with a rebound.
5:44 of 3rd period - Snap shot by Mats Zuccarello.
5:44 of 3rd period - Deflect By Chris Kreider.
5:44 of 3rd period - Stopped by Roberto Luongo with a rebound.
5:46 of 3rd period - Wrist shot by Adam Larsson.
5:46 of 3rd period - Shot Misses the Net.
5:48 of 3rd period - Wrist shot by Chris Kreider.
5:48 of 3rd period - Shot Blocked by Jay Bouwmeester.
5:50 of 3rd period - Wrist shot by Chris Kreider.
5:50 of 3rd period - Shot Misses the Net.
5:56 of 3rd period - Penalty Shot by Brooks Orpik for Florida Panthers.
5:56 of 3rd period - Deke by Brooks Orpik.
5:56 of 3rd period - Goal by Brooks Orpik - Florida Panthers : 2 - New York Rangers : 1.
5:57 of 3rd period - Brandon Dubinsky wins face-off versus Aleksander Barkov in neutral zone.
5:58 of 3rd period - Aleksander Barkov wins face-off versus Brandon Dubinsky in Florida Panthers zone.
6:00 of 3rd period - Minor Penalty to Darnell Nurse for Hooking.
6:01 of 3rd period - Jujhar Khaira wins face-off versus Jonathan Huberdeau in Florida Panthers zone.
6:01 of 3rd period - Snap shot by Mats Zuccarello.
6:01 of 3rd period - Stopped by Roberto Luongo without a rebound.
6:02 of 3rd period - Jujhar Khaira wins face-off versus Jonathan Huberdeau in Florida Panthers zone.
6:07 of 3rd period - Snap shot by Mike Hoffman.
6:07 of 3rd period - Shot Misses the Net.
6:09 of 3rd period - Snap shot by Dan Girardi.
6:09 of 3rd period - Deflect By Jonathan Huberdeau.
6:09 of 3rd period - Stopped by Roberto Luongo with a rebound.
6:38 of 3rd period - Minor Penalty to Brooks Orpik for Interference.
6:39 of 3rd period - Aleksander Barkov wins face-off versus Brandon Dubinsky in Florida Panthers zone.
6:55 of 3rd period - Keith Yandle is hit by Magnus Paajarvi and loses puck.
8:00 of 3rd period - Penalty to Darnell Nurse is over, Darnell Nurse is back on ice.
8:38 of 3rd period - Penalty to Brooks Orpik is over, Brooks Orpik is back on ice.
8:39 of 3rd period - Aleksander Barkov is hit by Josh Leivo and loses puck.
8:51 of 3rd period - Icing by Mark Pysyk.
8:52 of 3rd period - Aleksander Barkov wins face-off versus Brandon Pirri in Florida Panthers zone.
8:52 of 3rd period - Aleksander Barkov is hit by Lee Stempniak.
8:58 of 3rd period - Slapshot by Matt Martin.
8:58 of 3rd period - Stopped by Roberto Luongo with a rebound.
9:16 of 3rd period - Snap shot by Mark Jankowski.
9:16 of 3rd period - Stopped by Ryan Miller with a rebound.
9:18 of 3rd period - Snap shot by Melker Karlsson.
9:18 of 3rd period - Stopped by Ryan Miller without a rebound.
9:19 of 3rd period - Chris Kreider wins face-off versus Mark Jankowski in New York Rangers zone.
10:06 of 3rd period - Snap shot by Jared McCann.
10:06 of 3rd period - Shot Misses the Net.
10:14 of 3rd period - Brandon Dubinsky is hit by Mark Pysyk and loses puck.
10:34 of 3rd period - Lee Stempniak is hit by Darnell Nurse and loses puck.
10:52 of 3rd period - Adam Larsson is hit by Brett Ritchie and loses puck.
11:05 of 3rd period - Adam Larsson is hit by Andrew Cogliano.
11:28 of 3rd period - Keith Yandle is hit by Brendan Smith and loses puck.
11:44 of 3rd period - Icing by Brandon Pirri.
11:45 of 3rd period - Aleksander Barkov wins face-off versus Brandon Pirri in New York Rangers zone.
12:44 of 3rd period - Snap shot by Vincent Trocheck.
12:44 of 3rd period - Stopped by Ryan Miller with a rebound.
13:12 of 3rd period - Snap shot by Nick Bjugstad.
13:12 of 3rd period - Shot Misses the Net.
13:14 of 3rd period - Slapshot by Brooks Orpik.
13:14 of 3rd period - Shot Misses the Net.
13:16 of 3rd period - Backhand shot by Jay Bouwmeester.
13:16 of 3rd period - Shot Blocked by J.T. Miller.
13:18 of 3rd period - Slapshot by Jay Bouwmeester.
13:18 of 3rd period - Stopped by Ryan Miller without a rebound.
13:19 of 3rd period - Aleksander Barkov wins face-off versus Mike Hoffman in New York Rangers zone.
13:32 of 3rd period - Jonathan Huberdeau is hit by Mike Hoffman.
13:38 of 3rd period - Brady Skjei is hit by Mark Pysyk.
14:06 of 3rd period - Kris Russell is hit by Keith Yandle and loses puck.
14:54 of 3rd period - Kris Russell is hit by Jimmy Vesey and loses puck.
15:05 of 3rd period - Jujhar Khaira is hit by Keith Yandle and loses puck.
16:20 of 3rd period - Adam Larsson is hit by Brock Boeser and loses puck.
16:31 of 3rd period - Melker Karlsson is hit by Jujhar Khaira.
17:35 of 3rd period - Brooks Orpik is hit by Brady Skjei and loses puck.
17:39 of 3rd period - Icing by Nick Bjugstad.
17:40 of 3rd period - J.T. Miller wins face-off versus Vincent Trocheck in Florida Panthers zone.
17:41 of 3rd period - Slapshot by Mats Zuccarello.
17:41 of 3rd period - Goal by Mats Zuccarello - Florida Panthers : 2 - New York Rangers : 2.
17:42 of 3rd period - Brandon Dubinsky wins face-off versus Jared McCann in neutral zone.
17:45 of 3rd period - Keith Yandle is hit by Alexandre Burrows.
17:51 of 3rd period - Wrist shot by Josh Leivo.
17:51 of 3rd period - Stopped by Roberto Luongo with a rebound.
17:53 of 3rd period - Slapshot by Adam Larsson.
17:53 of 3rd period - Stopped by Roberto Luongo without a rebound.
17:54 of 3rd period - Jared McCann wins face-off versus Brandon Dubinsky in Florida Panthers zone.
17:54 of 3rd period - Jared McCann is hit by Dan Girardi.
18:07 of 3rd period - Snap shot by Josh Leivo.
18:07 of 3rd period - Shot Blocked by Jared McCann.
18:09 of 3rd period - Wrist shot by Josh Leivo.
18:09 of 3rd period - Deflect By Alexandre Burrows.
18:09 of 3rd period - Goal by Alexandre Burrows - Florida Panthers : 2 - New York Rangers : 3.
18:10 of 3rd period - Mark Jankowski wins face-off versus Brandon Dubinsky in neutral zone.
18:15 of 3rd period - Adam Larsson is hit by Mark Jankowski.
19:09 of 3rd period - Florida Panthers, Roberto Luongo is pulled from the net.
19:31 of 3rd period - Snap shot by Aleksander Barkov.
19:31 of 3rd period - Stopped by Ryan Miller with a rebound.
19:39 of 3rd period - Snap shot by J.T. Miller.
19:39 of 3rd period - Goal by J.T. Miller - Florida Panthers : 2 - New York Rangers : 4.
19:39 of 3rd period - Roberto Luongo from Florida Panthers was sent back in the game.
19:40 of 3rd period - Brandon Dubinsky wins face-off versus Mark Jankowski in neutral zone.
Goals for this period are 1 for Florida Panthers vs 3 for New York Rangers.
Shots for this period are 9 for Florida Panthers vs 15 for New York Rangers.